APL (24 & UNDER)
SCOTTSDALE SCORPIONS @ EL PASO TEXANS
04/19/2030
 
TOP OF THE 1ST
Scottsdale Scorpions batting - Pitching for El Paso Texans : RHP Derek Baker
Pitching: RHP Derek Baker
Batting: SHB Luis López 0-0: Ball
1-0: Ball
2-0: Ball
3-0: Called Strike
3-1: Swinging Strike
3-2: Base on Balls
Batting: RHB José Martínez 0-0: Ball
1-0: Ball
2-0: Ball
3-0: Called Strike
3-1: Swinging Strike
3-2: Strikes out swinging
Batting: LHB Shawn Brown 0-0: Fielders Choice at 2nd, 5-4 (Groundball, 5)
Batting: LHB Tony Ayala 0-0: Ball
1-0: Called Strike
1-1: Ball
Shawn Brown steals 2nd base
2-1: SINGLE (Groundball, 2R) (infield hit)
Shawn Brown to third
Batting: RHB Steve Boyer 0-0: Called Strike
0-1: Swinging Strike
0-2: Ball
1-2: Strikes out looking
Top of the 1st over - 0 runs, 1 hit, 0 errors, 2 left on base; Scottsdale 0 - El Paso 0
BOTTOM OF THE 1ST
El Paso Texans batting - Pitching for Scottsdale Scorpions : RHP José Estrada
Pitching: RHP José Estrada
Batting: LHB Mark Spencer 0-0: Ball
1-0: Called Strike
1-1: Called Strike
1-2: Strikes out swinging
Batting: RHB Cole Boehmer 0-0: SINGLE (Line Drive, 34D)
Batting: SHB Richie Gallegos 0-0: Called Strike
0-1: Called Strike
0-2: Strikes out looking
Batting: RHB Domingo Morales 0-0: Ball
1-0: Ball
2-0: Hit by Pitch
Cole Boehmer to second
Batting: RHB Jim MacAchounich 0-0: Called Strike
0-1: Called Strike
0-2: Fly out, F9 (Flyball, 9LSF)
Bottom of the 1st over - 0 runs, 1 hit, 0 errors, 2 left on base; Scottsdale 0 - El Paso 0
TOP OF THE 2ND
Scottsdale Scorpions batting - Pitching for El Paso Texans : RHP Derek Baker
Batting: RHB Phil Rowlett 0-0: Called Strike
0-1: Ground out 5-3 (Groundball, 5L)
Batting: RHB Rob Johnston 0-0: Foul Ball, location: 2F
0-1: Swinging Strike
0-2: Foul Ball, location: 2F
0-2: Ball
1-2: Strikes out looking
Batting: LHB Ángel De Jesús 0-0: Hit by Pitch
Batting: RHB Robinson Fernández 0-0: SINGLE (Groundball, 56D)
Ángel De Jesús to second
Batting: SHB Luis López 0-0: Fly out, F9 (Flyball, 9)
Top of the 2nd over - 0 runs, 1 hit, 0 errors, 2 left on base; Scottsdale 0 - El Paso 0
BOTTOM OF THE 2ND
El Paso Texans batting - Pitching for Scottsdale Scorpions : RHP José Estrada
Batting: SHB Oliver Riley 0-0: Called Strike
0-1: Fly out, F8 (Flyball, 78D)
Batting: LHB John Fitzgerald 0-0: Ball
1-0: Called Strike
1-1: Ball
2-1: Foul Ball, location: 2F
2-2: Ball
3-2: Strikes out swinging
Batting: RHB Gabriel Santana 0-0: Foul Ball, location: 2F
0-1: Ball
1-1: Ball
2-1: Foul Ball, location: 2F
2-2: Ball
3-2: Foul Ball, location: 2F
3-2: SINGLE (Groundball, 34D)
Batting: SHB Miguel Hurtado 0-0: Ball
1-0: Called Strike
1-1: Ball
2-1: Called Strike
2-2: Ball
3-2: Ground out 5-3 (Groundball, 56S)
Bottom of the 2nd over - 0 runs, 1 hit, 0 errors, 1 left on base; Scottsdale 0 - El Paso 0
TOP OF THE 3RD
Scottsdale Scorpions batting - Pitching for El Paso Texans : RHP Derek Baker
Batting: RHB José Martínez 0-0: Ground out 6-3 (Groundball, 6M)
Batting: LHB Shawn Brown 0-0: Ball
1-0: Ground out 5-3 (Groundball, 56)
Batting: LHB Tony Ayala 0-0: Called Strike
0-1: Ball
1-1: Called Strike
1-2: Ball
2-2: Ball
3-2: SINGLE (Groundball, 6MD)
Batting: RHB Steve Boyer 0-0: Ball
1-0: Ball
Tony Ayala steals 2nd base
2-0: Ball
3-0: Called Strike
3-1: Base on Balls
Batting: RHB Phil Rowlett 0-0: Called Strike
0-1: Ball
1-1: Swinging Strike
1-2: Ball
2-2: Ball
3-2: Base on Balls
Tony Ayala to third
Steve Boyer to second
Batting: RHB Rob Johnston 0-0: Called Strike
0-1: Ball
1-1: Ball
2-1: Fielders Choice at 2nd, 6-4 (Groundball, 6)
Top of the 3rd over - 0 runs, 1 hit, 0 errors, 3 left on base; Scottsdale 0 - El Paso 0
BOTTOM OF THE 3RD
El Paso Texans batting - Pitching for Scottsdale Scorpions : RHP José Estrada
Batting: LHB Mark Spencer 0-0: Bunt for hit - play at first, batter OUT! 1-3
Batting: RHB Cole Boehmer 0-0: Foul Ball, location: 2F
0-1: Foul Ball, location: 2F
0-2: Foul Ball, location: 2F
0-2: Ball
1-2: Foul Ball, location: 2F
1-2: DOUBLE (Flyball, 89XD)
Batting: SHB Richie Gallegos 0-0: Called Strike
0-1: Foul Ball, location: 2F
0-2: Ball
1-2: Ball
2-2: Ball
3-2: Base on Balls
Batting: RHB Domingo Morales 0-0: Ball
1-0: Grounds into double play, 1-6-3 (Groundball, 13)
Bottom of the 3rd over - 0 runs, 1 hit, 0 errors, 1 left on base; Scottsdale 0 - El Paso 0
TOP OF THE 4TH
Scottsdale Scorpions batting - Pitching for El Paso Texans : RHP Derek Baker
Batting: LHB Ángel De Jesús 0-0: Called Strike
0-1: Called Strike
0-2: Strikes out swinging
Batting: RHB Robinson Fernández 0-0: Foul Ball, location: 2F
0-1: Ball
1-1: Ball
2-1: Swinging Strike
2-2: Ball
3-2: Ground out 1-3 (Groundball, P)
Batting: SHB Luis López 0-0: Ball
1-0: Foul Ball, location: 2F
1-1: Called Strike
1-2: Ball
2-2: Ball
3-2: Ground out 5-3 (Groundball, 56)
Top of the 4th over - 0 runs, 0 hits, 0 errors, 0 left on base; Scottsdale 0 - El Paso 0
BOTTOM OF THE 4TH
El Paso Texans batting - Pitching for Scottsdale Scorpions : RHP José Estrada
Batting: RHB Jim MacAchounich 0-0: Foul Ball, location: 2F
0-1: Foul Ball, location: 2F
0-2: Foul Ball, location: 2F
0-2: Strikes out swinging
Batting: SHB Oliver Riley 0-0: Foul Ball, location: 2F
0-1: Ball
1-1: Called Strike
1-2: Foul Ball, location: 2F
1-2: Foul Ball, location: 2F
1-2: Ball
2-2: Ball
3-2: Ground out 4-3 (Groundball, 4)
Batting: LHB John Fitzgerald 0-0: Ball
1-0: Called Strike
1-1: Ball
2-1: Fly out, F6 (Line Drive, 6)
Bottom of the 4th over - 0 runs, 0 hits, 0 errors, 0 left on base; Scottsdale 0 - El Paso 0
TOP OF THE 5TH
Scottsdale Scorpions batting - Pitching for El Paso Texans : RHP Derek Baker
Batting: RHB José Martínez 0-0: Foul Ball, location: 2F
0-1: Foul Ball, location: 2F
0-2: Ball
1-2: Ball
2-2: Strikes out swinging
Batting: LHB Shawn Brown 0-0: Foul Ball, location: 2F
0-1: Ball
1-1: Reached on error, E3 (Groundball, 34)
Pitching: RHP Oscar Martin
Batting: LHB Tony Ayala 0-0: Ball
Shawn Brown is caught stealing 2nd base
1-0: Swinging Strike
1-1: Called Strike
1-2: Ball
2-2: Strikes out swinging
Top of the 5th over - 0 runs, 0 hits, 1 error, 0 left on base; Scottsdale 0 - El Paso 0
BOTTOM OF THE 5TH
El Paso Texans batting - Pitching for Scottsdale Scorpions : RHP José Estrada
Batting: RHB Gabriel Santana 0-0: Ball
1-0: Called Strike
1-1: DOUBLE (Groundball, 5L)
Batting: SHB Miguel Hurtado 0-0: Ball
1-0: Ball
2-0: Called Strike
2-1: Foul Ball, location: 2F
2-2: Strikes out swinging
Batting: LHB Mark Spencer 0-0: Ball
1-0: Foul Ball, location: 2F
1-1: Ground out 6-3 (Groundball, 6)
Batting: RHB Cole Boehmer 0-0: Intentional Walk
Batting: SHB Richie Gallegos 0-0: Called Strike
0-1: Foul Ball, location: 2F
0-2: Foul Ball, location: 2F
0-2: Fielders Choice at 2nd, 6-4 (Groundball, 6)
Bottom of the 5th over - 0 runs, 1 hit, 0 errors, 2 left on base; Scottsdale 0 - El Paso 0
TOP OF THE 6TH
Scottsdale Scorpions batting - Pitching for El Paso Texans : RHP Oscar Martin
Batting: RHB Steve Boyer 0-0: Called Strike
0-1: Ball
1-1: Ball
2-1: Called Strike
2-2: Strikes out looking
Batting: RHB Phil Rowlett 0-0: Swinging Strike
0-1: Ball
1-1: Foul Ball, location: 2F
1-2: Strikes out looking
Batting: RHB Rob Johnston 0-0: Ball
1-0: Foul Ball, location: 2F
1-1: Ball
2-1: SINGLE (Groundball, 56D)
Batting: LHB Ángel De Jesús 0-0: Called Strike
Rob Johnston steals 2nd base
0-1: Ball
1-1: Ball
2-1: Foul Ball, location: 2F
2-2: Ball
3-2: Base on Balls
Batting: RHB Robinson Fernández 0-0: Ball
1-0: Ground out 4-3 (Groundball, 4)
Top of the 6th over - 0 runs, 1 hit, 0 errors, 2 left on base; Scottsdale 0 - El Paso 0
BOTTOM OF THE 6TH
El Paso Texans batting - Pitching for Scottsdale Scorpions : RHP José Estrada
Batting: RHB Domingo Morales 0-0: Called Strike
0-1: Ball
1-1: Called Strike
1-2: Strikes out swinging
Batting: RHB Jim MacAchounich 0-0: Ball
1-0: Called Strike
1-1: Foul Ball, location: 2F
1-2: Ball
2-2: Ball
3-2: Ground out 4-3 (Groundball, 4M)
Batting: SHB Oliver Riley 0-0: Foul Ball, location: 2F
0-1: Ball
1-1: Ball
2-1: Foul Ball, location: 2F
2-2: Foul Ball, location: 2F
2-2: Ground out 4-3 (Groundball, 4)
Bottom of the 6th over - 0 runs, 0 hits, 0 errors, 0 left on base; Scottsdale 0 - El Paso 0
TOP OF THE 7TH
Scottsdale Scorpions batting - Pitching for El Paso Texans : RHP Oscar Martin
Batting: SHB Luis López 0-0: Ball
1-0: Called Strike
1-1: Ball
2-1: Ball
3-1: Called Strike
3-2: Foul Ball, location: 2F
3-2: DOUBLE (Groundball, 5L)
Pinch Hitting: LHB Clayton Bailey 0-0: Sac Bunt - play at third, runner OUT! 1-6
Batting: LHB Shawn Brown 0-0: Ball
1-0: Fly out, F6 (Line Drive, 6)
Batting: LHB Tony Ayala 0-0: Called Strike
0-1: Called Strike
0-2: Strikes out looking
Top of the 7th over - 0 runs, 1 hit, 0 errors, 1 left on base; Scottsdale 0 - El Paso 0
BOTTOM OF THE 7TH
El Paso Texans batting - Pitching for Scottsdale Scorpions : RHP José Estrada
Now at 1B: Clayton Bailey
Batting: LHB John Fitzgerald 0-0: Ball
1-0: Ball
2-0: Swinging Strike
2-1: Called Strike
2-2: Ball
3-2: Base on Balls
Pitching: RHP José Alvarado
Batting: RHB Gabriel Santana 0-0: Bunted foul
0-1: Bunted foul
0-2: Fly out, F7 (Flyball, 7S)
Pinch Hitting: LHB Dave Tucker 0-0: Called Strike
0-1: Ball
1-1: Foul Ball, location: 2F
1-2: SINGLE (Flyball, 9S)
John Fitzgerald to second
Runner from 2nd tries for 3rd, SAFE, throw made to third
Batting: LHB Mark Spencer 0-0: Ball
1-0: Ball
2-0: Foul Ball, location: 2F
2-1: Swinging Strike
2-2: Strikes out swinging
Batting: RHB Cole Boehmer 0-0: Ball
1-0: Ball
2-0: Ball
3-0: Foul Ball, location: 2F
3-1: Swinging Strike
3-2: Base on Balls
Dave Tucker to second
Batting: SHB Richie Gallegos 0-0: Fly out, F7 (Flyball, 78D)
Bottom of the 7th over - 0 runs, 1 hit, 0 errors, 3 left on base; Scottsdale 0 - El Paso 0
TOP OF THE 8TH
Scottsdale Scorpions batting - Pitching for El Paso Texans : RHP Oscar Martin
Now at SS: Jim Flynn
Batting: RHB Steve Boyer 0-0: Ball
1-0: Ball
2-0: Ball
3-0: Base on Balls
Pinch Runner at 1st Miguel Ramos:
Batting: RHB Phil Rowlett 0-0: Ball
1-0: Called Strike
Miguel Ramos steals 2nd base
1-1: Intentional Walk
Pinch Hitting: LHB Ernesto Hernández 0-0: Called Strike
0-1: Ball
1-1: Ball
Wild Pitch!
Miguel Ramos to third
Phil Rowlett to second
2-1: Ball
3-1: Called Strike
3-2: SINGLE (Groundball, 13) (infield hit)
Batting: LHB Ángel De Jesús 0-0: Swinging Strike
0-1: Grounds into double play, 3-2-3 (Groundball, 3L)
Phil Rowlett to third
Ernesto Hernández to second
Pinch Hitting: LHB Manny Vigil 0-0: Fly out, F4 (Line Drive, 4)
Top of the 8th over - 0 runs, 1 hit, 0 errors, 2 left on base; Scottsdale 0 - El Paso 0
BOTTOM OF THE 8TH
El Paso Texans batting - Pitching for Scottsdale Scorpions : RHP José Alvarado
Now at 2B: Dean Oglethorpe
Now at 3B: Ronald Smith
Pinch Hitting: LHB Ramón Chávez 0-0: Ball
1-0: Swinging Strike
1-1: Foul Ball, location: 2F
1-2: Ball
2-2: Foul Ball, location: 2F
2-2: Strikes out looking
Batting: RHB Jim MacAchounich 0-0: Foul Ball, location: 2F
0-1: Ball
1-1: Ball
2-1: Foul Ball, location: 2F
2-2: Foul Ball, location: 2F
2-2: Ball
3-2: Ground out 6-3 (Groundball, 6)
Batting: SHB Oliver Riley 0-0: Called Strike
0-1: Foul Ball, location: 2F
0-2: Ground out 3-1 (Groundball, 34S)
Bottom of the 8th over - 0 runs, 0 hits, 0 errors, 0 left on base; Scottsdale 0 - El Paso 0
TOP OF THE 9TH
Scottsdale Scorpions batting - Pitching for El Paso Texans : RHP Oscar Martin
Now at 2B: Cipriano Rangel
Batting: SHB Luis López 0-0: Fly out, F8 (Flyball, 8RD)
Batting: LHB Clayton Bailey 0-0: Called Strike
0-1: Foul Ball, location: 2F
0-2: Ball
1-2: Foul Ball, location: 2F
1-2: SINGLE (Groundball, 6D)
Pinch Runner at 1st Nathan Taylor:
Batting: LHB Shawn Brown 0-0: Called Strike
0-1: Ball
1-1: Ball
2-1: Swinging Strike
2-2: Fly out, F6 (Popup, 6MD)
Batting: LHB Tony Ayala 0-0: Called Strike
0-1: Fielders Choice at 2nd, 6-4 (Groundball, 6)
Top of the 9th over - 0 runs, 1 hit, 0 errors, 1 left on base; Scottsdale 0 - El Paso 0
BOTTOM OF THE 9TH
El Paso Texans batting - Pitching for Scottsdale Scorpions : RHP José Alvarado
Pitching: LHP Miguel Guerra
Now in CF: Nathan Taylor
Batting: LHB John Fitzgerald 0-0: Foul Ball, location: 2F
0-1: Ball
1-1: Ball
2-1: Swinging Strike
2-2: Ball
3-2: Strikes out looking
Batting: RHB Gabriel Santana 0-0: Foul Ball, location: 2F
0-1: Ball
1-1: Ball
2-1: SINGLE (Groundball, 56D)
Pinch Runner at 1st Merlin Dobbin:
Pinch Hitting: RHB Rafael Crus 0-0: Called Strike
Merlin Dobbin steals 2nd base
0-1: Ball
1-1: Intentional Walk
Batting: LHB Mark Spencer 0-0: Foul Ball, location: 2F
0-1: Fly out, F8 (Flyball, 89S)
Batting: RHB Cole Boehmer 0-0: Ball
1-0: Ball
2-0: Ball
3-0: Called Strike
3-1: Swinging Strike
3-2: Foul Ball, location: 2F
3-2: Base on Balls
Merlin Dobbin to third
Rafael Crus to second
Batting: SHB Richie Gallegos 0-0: Ball
1-0: Ball
2-0: Foul Ball, location: 2F
2-1: Fielders Choice at 2nd, 5-4 (Groundball, 56)
Bottom of the 9th over - 0 runs, 1 hit, 0 errors, 3 left on base; Scottsdale 0 - El Paso 0
TOP OF THE 10TH
Scottsdale Scorpions batting - Pitching for El Paso Texans : RHP Oscar Martin
Now at 2B: Ralph McCullum
Now at SS: Merlin Dobbin
Batting: RHB Miguel Ramos 0-0: Ball
1-0: Ball
2-0: Ball
3-0: Base on Balls
Batting: RHB Phil Rowlett 0-0: Ball
Miguel Ramos steals 2nd base
1-0: Intentional Walk
Pitching: RHP Firmino Orsi
Batting: RHB Dean Oglethorpe 0-0: Sac Bunt - play at first, batter OUT! 2-4
Miguel Ramos to third
Phil Rowlett to second
Batting: LHB Ángel De Jesús 0-0: Ball
1-0: Ball
2-0: Ball
3-0: Base on Balls
Batting: RHB Ronald Smith 0-0: Ball
1-0: Ball
2-0: Foul Ball, location: 2F
2-1: Grounds into fielders choice 6-2 (Groundball, 56)
Phil Rowlett to third
Ángel De Jesús to second
Batting: SHB Luis López 0-0: Called Strike
0-1: Ball
1-1: Ball
2-1: Ball
3-1: Called Strike
3-2: Base on Balls
Phil Rowlett scores
Ángel De Jesús to third
Ronald Smith to second
Batting: RHB Nathan Taylor 0-0: Foul Ball, location: 2F
0-1: Swinging Strike
0-2: Foul Ball, location: 2F
0-2: Ball
1-2: Strikes out swinging
Top of the 10th over - 1 run, 0 hits, 0 errors, 3 left on base; Scottsdale 1 - El Paso 0
BOTTOM OF THE 10TH
El Paso Texans batting - Pitching for Scottsdale Scorpions : LHP Miguel Guerra
Pitching: RHP Rick Díaz
Now at C: Jeff McQueen
Batting: LHB Cipriano Rangel 0-0: Ball
1-0: Called Strike
1-1: Ground out 4-3 (Groundball, 4)
Batting: RHB Jim MacAchounich 0-0: Swinging Strike
0-1: Swinging Strike
0-2: Ball
1-2: SINGLE (Flyball, 8RS)
Pitching: RHP José Amaya
Batting: SHB Oliver Riley 0-0: SINGLE (Flyball, 7S)
Jim MacAchounich to second
Runner from 2nd tries for 3rd, SAFE, no throw
Batting: LHB John Fitzgerald 0-0: Ball
1-0: Foul Ball, location: 2F
1-1: Ball
2-1: Called Strike
2-2: Fly out, F8 (Flyball, 8LS)
Runner from 3rd tags up, OUT at HOME
Bottom of the 10th over - 0 runs, 2 hits, 0 errors, 1 left on base; Scottsdale 1 - El Paso 0
Saturday, April 7th, 2018 - OOTP Baseball 18.8 Build 76